 Dungeon Crawl Stone Soup version 0.29-a0-925-g0a7a3d12f8 (webtiles) character file.

Game seed: 15059936398293121588

147 tilp the Grave Robber (level 5, -10/38 HPs)
             Began as a Mummy Necromancer on July 29, 2022.
             Mangled by a mummy (11 damage)
             ... in an ossuary.
             The game lasted 00:05:40 (2704 turns).

tilp the Grave Robber (Mummy Necromancer)           Turns: 2704, Time: 00:05:40

Health: -10/38     AC:  4    Str: 12    XL:     5   Next: 8%
Magic:  9/9        EV: 12    Int: 16    God:
Gold:   83         SH:  0    Dex: 12    Spells: 6/10 levels left

rFire   x . .      SeeInvis .   a - +1 dagger
rCold   + . .      Faith    .   (no shield)
rNeg    + + +      Spirit   .   f - +0 robe
rPois   ∞          Reflect  .   (no helmet)
rElec   .          Harm     .   g - +1 cloak
rCorr   .          Rampage  .   (no gloves)
Will    .....                   (no boots)
Stlth   ++........              d - amulet of the acrobat
HPRegen 0.12/turn               (no ring)
MPRegen 0.11/turn               (no ring)

@: no status effects
A: cold resistance 1, negative energy resistance 3, torment resistance 2, heat
vulnerability 1, in touch with death 1, no potions
a: no special abilities


You were in an ossuary.
You visited 1 branch of the dungeon, and saw 4 of its levels.
You also visited: Ossuary.

You collected 83 gold pieces.

Inventory:

Hand Weapons
 a - a +1 dagger (weapon)
 j - a +0 war axe
Missiles
 c - 5 poisoned darts (quivered)
 i - 12 stones
 l - 5 boomerangs
Armour
 f - a +0 robe (worn)
 g - a +1 cloak (worn)
Magical Staves
 b - a staff of death
Jewellery
 d - an amulet of the acrobat (around neck)
Scrolls
 e - a scroll of identify
 h - a scroll of torment
 k - 3 scrolls of fear


   Skills:
 + Level 2.1 Fighting
 - Level 2.0 Dodging
 - Level 2.0 Stealth
 - Level 3.0 Spellcasting
 - Level 5.4 Necromancy


You had 6 spell levels left.
You knew the following spells:

 Your Spells              Type           Power      Damage    Failure   Level
a - Necrotise             Necr           100%       1d9       1%          1
b - Vampiric Draining     Necr           29%        2d8       6%          3

Your spell library contained the following spells:

 Spells                   Type           Power      Damage    Failure   Level
 Animate Dead             Necr           29%        N/A       21%         4
 Blink                    Tloc           4%         N/A       28%         2
 Lesser Beckoning         Tloc           2%         N/A       50%         3
 Agony                    Necr           29%        N/A       50%         5
 Manifold Assault         Tloc           2%         N/A       99%         5


Dungeon Overview and Level Annotations

Branches:
Dungeon (4/15)            Ossuary (1/1)
 Temple: D:4-7

Altars:
Makhleb
Vehumet

Shops:
D:4 ?

Annotations:
D:4 2 transporters, exclusion: lemure, Pikel


Innate Abilities, Weirdness & Mutations

You are immune to poison.
Your flesh is cold resistant. (rC+)
You are immune to negative energy. (rN+++)
You are immune to unholy pain and torment.
You are vulnerable to heat. (rF-)
You are in touch with the powers of death.
You do not drink.


Message History

You hit the gnoll zombie.
The gnoll zombie is severely damaged.
You hit the mummy but do no damage. You hit the mummy.
The mummy is lightly damaged.
You completely miss the mummy.
The mummy is lightly damaged.
You hit the mummy but do no damage.
The mummy is lightly damaged.
The mummy misses you.
You hit the mummy.
The mummy is lightly damaged.
The mummy hits you!
You barely miss the mummy. You punch the mummy, but do no damage.
The mummy is lightly damaged.
You hit the mummy.
The mummy is moderately damaged.
The mummy hits you!
You are too injured to fight recklessly!
You are too injured to fight recklessly!
You hit the mummy.
The mummy is heavily damaged.
You hit the mummy but do no damage.
The mummy is heavily damaged.
The mummy hits you!
* * * LOW HITPOINT WARNING * * *
You hit the mummy but do no damage.
The mummy is heavily damaged.
The mummy completely misses you.
Unknown command.
You aren't carrying any items that you can evoke.
You can't see any enemies this would affect, really read the scroll of fear?
Okay, then.
Unknown command.
You hit the mummy but do no damage.
The mummy is heavily damaged.
You hit the mummy.
The mummy is heavily damaged.
The mummy hits you!
You die...

# #######
Z.. #.#@#.#
.....#'#M#'#
8.M....(Z..#
...........#
########'#'#
##^##.#
##.##..#
##.##...#
##.##....#


You could see a mummy and a gnoll zombie.

Vanquished Creatures
  A bullfrog (D:4)
  An adder (D:4)
  An orc (D:4)
  8 spectral bats (Ossuary)
  An endoplasm (D:1)
  2 giant cockroaches
  2 gnoll zombies (Ossuary)
  3 goblins
  4 hobgoblins
  3 quokkas
  A ball python (D:4)
  2 bats
  4 frilled lizards
  7 goblin zombies (Ossuary)
  3 hobgoblin zombies (Ossuary)
  6 kobolds
  4 kobold zombies (Ossuary)
  2 orc zombies (Ossuary)
  A rat (D:1)
  5 spectral goblins (Ossuary)
  A spectral kobold (Ossuary)
  4 spectral rats (Ossuary)
66 creatures vanquished.

Vanquished Creatures (collateral kills)
  A dart slug (D:4)
  A hobgoblin (D:2)
  A quokka (D:1)
  A bat (D:1)
4 creatures vanquished.

Grand Total: 70 creatures vanquished

Notes
Turn   | Place    | Note
-------+----------+-------------------------------------------
     0 | D:1      | tilp the Mummy Necromancer began the quest for the Orb.
     0 | D:1      | Reached XP level 1. HP: 13/13 MP: 4/4
    60 | D:1      | Found a faded altar of an unknown god.
   353 | D:1      | Reached XP level 2. HP: 20/20 MP: 2/5
   580 | D:1      | Reached skill level 1 in Fighting
  1150 | D:1      | Found a radiant altar of Vehumet.
  1319 | D:2      | Found a burning altar of Makhleb.
  1508 | D:2      | You fall into a shaft and drop 2 floors!
  1562 | D:4      | Gained mutation: You are in touch with the powers of death.
                  | [Mummy growth]
  1562 | D:4      | Reached XP level 3. HP: 20/26 MP: 3/7
  1566 | D:4      | Learned a level 3 spell: Vampiric Draining
  1638 | D:4      | Noticed a bullfrog
  1646 | D:4      | HP: 1/26 [bullfrog (6)]
  1647 | D:4      | Killed a bullfrog
  1648 | D:4      | Reached skill level 5 in Necromancy
  1648 | D:4      | Reached XP level 4. HP: 1/33 MP: 0/8
  1769 | D:4      | Found a transporter.
  1790 | D:4      | Found a transporter.
  1897 | D:4      | Noticed Pikel
  1898 | D:4      | Noticed a lemure
  1956 | D:4      | Found Ulleuvea's Magic Scroll Emporium.
  1966 | D:4      | Found a sand-covered staircase.
  1997 | Ossuary  | Entered an ossuary
  2424 | Ossuary  | Reached XP level 5. HP: 32/38 MP: 9/9
  2701 | Ossuary  | HP: 1/38 [mummy (15)]
  2704 | Ossuary  | Mangled by a mummy

Illustrated notes

Levels and vault maps discovered:
D:1:      dpeg_arrival_water_altar, layout_basic, serial_forest,
          infiniplex_forest_corner_1, infiniplex_forest_straight_4,
          infiniplex_forest_clump_diagonal, infiniplex_forest_straight_5,
          infiniplex_forest_lined_3, infiniplex_forest_straight_2,
          infiniplex_forest_join, infiniplex_forest_end_1,
          infiniplex_forest_corner_2, dreamdust_ecumenical_altar_grove
D:2:      layout_loops_ring, basic_altar, corexii_hall_statues_i,
          wander_ebering_terrifying_dragon_lair
D:3:      layout_loops_ring, grunt_temple_overflow_open
D:4:      gammafunk_wand_slinger, layout_loops_cross, serial_shops,
          nicolae_shop_competitors_out_of_business, chequers_ossuary_entry_cave,
          uniq_pikel
Ossuary:  ossuary_zaba_two_paths

Skill      XL: |  1  2  3 |
---------------+----------+-----
Fighting       | 1 2 |  2.1
Spellcasting   | 3 |  3.0
Dodging        | 2 |  2.0
Stealth        | 2 |  2.0
Necromancy     | 5 |  5.4

Action                   |  1- 3 |  4- 6 || total
-------------------------+-------+-------++-------
Melee: Dagger            |    18 |   222 ||   240
       Punch             |       |     5 ||     5
Throw: Dart              |       |     1 ||     1
 Cast: Necrotise         |    50 |    10 ||    60
       Vampiric Draining |     1 |       ||     1
  Use: Scroll            |     6 |       ||     6
 Stab: Sleeping          |       |     5 ||     5
Armor: Robe              |     5 |    87 ||    92
Dodge: Dodged            |    15 |   168 ||   183

Table legend: (Time is in decaauts)
 A = Elapsed time spent in this place.
 B = Non-inter-level travel time spent in this place.
 C = Inter-level travel time spent in this place.
 D = Time resting spent in this place.
 E = Time spent auto-exploring this place.
 F = Levels seen in this place.
 G = Mean time per level.
                   A        B        C        D        E       F      G
               +--------+--------+--------+--------+--------+-----+--------+
         Total |   2706 |   2592 |    114 |    552 |   1273 |   5 |  541.2 |
       Dungeon |   1999 |   1885 |    114 |    176 |   1273 |   4 |  499.8 |
       Ossuary |    706 |    706 |      0 |    376 |      0 |   1 |  706.0 |
               +--------+--------+--------+--------+--------+-----+--------+

Top non-repeatable levels by time:
     D:1: 1230 daAuts
 Ossuary: 706 daAuts
     D:4: 487 daAuts
     D:2: 280 daAuts
     D:3: 1 daAuts
